 Dungeon Crawl Stone Soup version 0.29-a0-866-g0545e20025 (webtiles) character file.

Game seed: 15717581745952342214

34932 Conn the Arsonist (level 13, -5/76 HPs)
             Began as an Octopode Fire Elementalist on July 17, 2022.
             Was an Elder of Sif Muna.
             Killed from afar by an ice statue (19 damage)
             ... with a bolt of cold
             ... in an ice cave.
             The game lasted 01:09:46 (21412 turns).

Conn the Arsonist (Octopode Fire Elementalist)     Turns: 21412, Time: 01:09:47

Health: -5/76      AC:  5    Str:  6    XL:     13   Next: 80%
Magic:  13/28      EV: 20    Int: 34    God:    Sif Muna [****..]
Gold:   688        SH:  5    Dex: 24    Spells: 7/35 levels left

rFire   . . .      SeeInvis .   I - +6 hand axe of Fedhas's Pride {vorpal, rElec rPois Str-2}
rCold   . . .      Faith    .   (no shield)
rNeg    + . .      Spirit   .   (helmet restricted)
rPois   +          Reflect  +   L - amulet of reflection
rElec   +          Harm     .   c - +4 ring of evasion
rCorr   +          Rampage  .   V - +6 ring of intelligence
Will    .....                   y - +4 ring of protection
Stlth   +++++.....              E - +6 ring of dexterity
HPRegen 0.22/turn               H - +6 ring of dexterity
MPRegen 0.21/turn               d - ring of positive energy
                                i - ring of resist corrosion
                                m - +6 ring of intelligence

@: no status effects
A: almost no armour, amphibious, 8 rings, camouflage 1, gelatinous body 1,
(nimble swimmer 1), tentacles
a: Renounce Religion, Channel Magic, Forget Spell, Divine Exegesis


You were in an ice cave.
You worshipped Sif Muna.
Sif Muna was greatly pleased with you.
You visited 2 branches of the dungeon, and saw 17 of its levels.
You also visited: Bailey and Ice Cave.

You collected 1584 gold pieces.
You spent 896 gold pieces at shops.

Inventory:

Hand Weapons
 B - a +7 spear of venom
 I - the +6 hand axe of Fedhas's Pride (weapon) {vorpal, rElec rPois Str-2}
   (You found it on level 8 of the Dungeon)

   It inflicts extra damage upon your enemies.
   Str:       It affects your strength (-2).
   rElec:     It insulates you from electricity.
   rPois:     It protects you from poison.
 J - the +9 mace of Nurotyol {vorpal, *Corrode Will+ Dex+8}
   (You found it on level 8 of the Dungeon)

   It inflicts extra damage upon your enemies.
   Dex:       It affects your dexterity (+8).
   *Corrode:  It may corrode you when you take damage.
   Will:      It increases your willpower.
Missiles
 e - 8 atropa-tipped darts (quivered)
 t - 2 throwing nets
 X - 5 curare-tipped darts
Magical Staves
 x - a staff of poison
 P - a staff of air
Jewellery
 c - a +4 ring of evasion (left tentacle)
 d - a ring of positive energy (on tentacle)
 i - a ring of resist corrosion (on tentacle)
 m - a +6 ring of intelligence (on tentacle)
 n - a ring of poison resistance
 y - a +4 ring of protection (on tentacle)
 E - a +6 ring of dexterity (on tentacle)
 H - a +6 ring of dexterity (on tentacle)
 L - an amulet of reflection (around mantle)
 T - an amulet of the acrobat
 U - a ring of see invisible
 V - a +6 ring of intelligence (right tentacle)
Wands
 j - a wand of polymorph (8)
 p - a wand of charming (12)
 r - a wand of roots (22)
 M - a wand of acid (22)
 N - a wand of flame (15)
 R - a wand of mindburst (9)
Scrolls
 b - 5 scrolls of teleportation
 h - 3 scrolls of blinking
 k - 5 scrolls of identify
 l - 2 scrolls of poison
 u - 2 scrolls of immolation
 w - a scroll of fear
 z - 3 scrolls of enchant weapon
 A - 3 scrolls of brand weapon
 Q - 2 scrolls of amnesia
 W - 2 scrolls of fog
Potions
 a - a potion of magic
 f - 4 potions of curing
 g - 2 potions of heal wounds
 o - 6 potions of ambrosia
 q - 2 potions of might
 s - 3 potions of lignification
 v - 2 potions of invisibility
 C - 2 potions of flight
 O - 3 potions of haste
 S - 2 potions of mutation
 Y - a potion of brilliance
 Z - a potion of resistance


   Skills:
 + Level 2.7 Fighting
 + Level 2.2 Short Blades
 + Level 1.7(2.5) Axes
 + Level 1.8(2.1) Maces & Flails
 + Level 2.0(2.3) Polearms
 + Level 0.9 Throwing
 + Level 4.5 Dodging
 + Level 6.6 Stealth
 + Level 1.5 Shields
 - Level 0.1 Unarmed Combat
 + Level 11.7 Spellcasting
 + Level 7.2 Conjurations
 + Level 2.9 Hexes
 + Level 4.2 Summonings
 + Level 12.0 Fire Magic
 + Level 5.7 Ice Magic
 - Level 5.0 Air Magic
 + Level 7.7 Invocations
 + Level 0.1 Evocations


You had 7 spell levels left.
You knew the following spells:

 Your Spells              Type           Power      Damage    Failure   Level
a - Foxfire               Conj/Fire      100%       2x1d9     1%          1
b - Conjure Flame         Conj/Fire      71%        6-21      1%          3
c - Inner Flame           Hex/Fire       63%        N/A       1%          3
d - Flame Wave            Conj/Fire      71%        2d13      1%          4
e - Scorch                Fire           100%       2d10      1%          2
f - Hailstorm             Conj/Ice       59%        3d13      1%          4
g - Sticky Flame          Conj/Fire      71%        2d8       1%          4
h - Ozocubu's Armour      Ice            56%        N/A       1%          3
i - Summon Lightning Spi  Summ/Air       50%        N/A       3%          4

Your spell library contained the following spells:

 Spells                   Type           Power      Damage    Failure   Level
 Freeze                   Ice            100%       1d11      1%          1
 Magic Dart               Conj           100%       1d8       1%          1
 Summon Small Mammal      Summ           100%       N/A       1%          1
 Static Discharge         Conj/Air       57%        3-11/arc  1%          2
 Confusing Touch          Hex            39%        N/A       1%          3
 Frozen Ramparts          Ice            100%       1d12      1%          3
 Apportation              Tloc           38%        N/A       2%          1
 Necrotise                Necr           76%        1d7       2%          1
 Sting                    Tmut/Pois      76%        1d6       2%          1
 Airstrike                Air            26%        0-9+      2%          4
 Lightning Bolt           Conj/Air       28%        1d45      4%          5
 Dispel Undead            Necr           19%        3d11      22%         4
 Olgreb's Toxic Radiance  Pois           19%        N/A       22%         4
 Yara's Violent Unravell  Hex/Tmut       14%        3d7       34%         5
 Alistair's Intoxication  Tmut/Pois      12%        N/A       52%         5
 Borgnjor's Vile Clutch   Necr/Erth      9%         N/A       52%         5
 Ozocubu's Refrigeration  Ice            28%        4d10      87%         7
 Eringya's Noxious Bog    Tmut/Pois      9%         N/A       98%         6
 Enfeeble                 Hex            19%        N/A       99%         7
 Storm Form               Tmut/Air       18%        N/A       100%        7
 Ignition                 Fire           40%        3d12      71%         8
 Maxwell's Capacitive Co  Air            26%        ∞         100%        8


Dungeon Overview and Level Annotations

Branches:
Dungeon (13/15)            Temple (0/1) D:7            Lair (4/6) D:8
  Swamp (0/4) Lair:2        Snake (0/4) Lair:3          Orc (0/2) D:12
 Bailey (visited)           IceCv (1/1)
 Vaults: D:13-14

Altars:
Ashenzari
Cheibriados
Dithmenos
Elyvilon
Kikubaaqudgha
Makhleb
Okawaru
Qazlal
Sif Muna
Trog
Uskayaw
Vehumet
Xom
Yredelemnul
Zin
The Shining One

Shops:
D:5 :   D:9 (   D:10 [=[

Annotations:
D:9 2 runed translucent doors, 2 transporters, Nattfarinn's ghost, novice DjNe
D:12 Gastronok IceCv exclusion: 2 ice statues


Innate Abilities, Weirdness & Mutations

You cannot wear most types of armour.
You are amphibious.
You can wear up to eight rings at the same time.
Your skin changes colour to match your surroundings (Stealth+).
Your rubbery body absorbs attacks. (AC +1, EV +1)
((You are camouflaged when in or above water. (Stealth+)))
You have tentacles for arms and can constrict up to eight enemies at once.


Message History

Your lightning spire shoots out a bolt of lightning at the ice statue!
The bolt of electricity hits the ice beast!
The bolt of electricity misses the ice beast.
The bolt of electricity hits the ice statue.
The ice statue resists.
The bolt of electricity hits the ice statue.
The ice statue resists.
The bolt of electricity hits the ice beast.
The bolt of electricity hits the ice beast!
Unknown command.
Casting: Scorch (safe; 1% risk of failure)
Confirm with . or Enter, or press ? or * to list all spells.
Casting: Flame Wave (safe; 1% risk of failure)
Press: ? - help, Dir - look around, f - activate
Okay, then.
Unknown command.
Casting: Flame Wave (safe; 1% risk of failure)
Confirm with . or Enter, or press ? or * to list all spells.
Flames lash the ice beast.
The ice beast melts!
You kill the ice beast!
The ice beast disappears in a puff of smoke!
You are engulfed in freezing vapours.
Your lightning spire shoots out a bolt of lightning at the ice statue!
The bolt of electricity hits the ice beast!
The ice beast dies!
The ice beast disappears in a puff of smoke!
The bolt of electricity hits the ice statue.
The ice statue resists.
The bolt of electricity hits the ice statue.
The ice statue resists.
Casting: Scorch (safe; 1% risk of failure)
Confirm with . or Enter, or press ? or * to list all spells.
Flames lash the ice statue but do no damage.
You are engulfed in freezing vapours.
* * * LOW HITPOINT WARNING * * *
The ice statue gestures at you. The shard of ice misses you.
The ice statue gestures at you. The bolt of cold hits you!!
You die...

#...## ##...##
##...# ##..#
##..## #..##
####..##
##8#.°°°#8##
#....○@°...#
#......○○°....#
#.......8......#
#.................
##................
##..............#
###...........##
###........##


You could see 2 ice statues and a friendly lightning spire (summoned).

Vanquished Creatures
  2 hydras (Lair:1)
  A centaur warrior (D:13)
  4 two-headed ogres
  Sonja (Lair:1)
  Pikel (D:6)
  A deep elf pyromancer (D:13)
  An orc knight (Bailey)
  An ugly thing (D:9)
  5 cyclopes
  Joseph (D:10)
  Maggie (D:7)
  2 unseen horrors
  The ghost of Morbidden the Conjurer, a novice DsCj (D:5)
  9 cane toads
  A rime drake (IceCv)
  2 unseen horror zombies (D:9)
  8 komodo dragons
  2 trolls (D:12)
  A polar bear (Lair:2)
  2 tyrant leeches (Lair:2)
  3 slime creatures (D:13)
  4 blink frogs (Lair:2)
  3 hornets
  42 yaks
  4 wyverns
  3 shadows
  3 wraiths
  A vampire (D:11)
  2 basilisks
  2 steam dragons
  4 vampire mosquitoes
  2 nagas (Lair:3)
  A warg (D:12)
  Edmund (D:6)
  A swamp worm (Lair:2)
  An acid dragon (D:8)
  9 water moccasins
  3 black bears
  4 sky beasts
  11 orc warriors
  2 ice beasts
  A tengu (shapeshifter) (D:13)
  9 centaurs
  4 wolves (Lair:3)
  3 lemures (D:6)
  A phantom (D:4)
  2 gnoll sergeants
  8 bullfrogs
  5 scorpions
  A wyvern zombie (D:5)
  5 necrophages
  12 wights
  5 killer bees (D:8)
  2 howler monkeys
  A komodo dragon simulacrum (IceCv)
  2 centaur zombies (D:9)
  2 hounds
  3 jellies
  A human zombie (D:9)
  7 orc priests
  An iron imp (D:11)
  Crazy Yiuf (D:3)
  5 iguanas
  Terence (D:3)
  Jessica (D:3)
  6 orc wizards
  Natasha (thrice) (D:2)
  A killer bee zombie (D:9)
  A hound zombie (D:5)
  A mummy (D:9)
  A howler monkey zombie (D:9)
  2 acid dragon simulacra (IceCv)
  6 adders
  15 gnolls
  A shadow imp (D:8)
  2 white imps
  2 ufetubi
  2 worms (D:2)
  2 dart slugs (D:1)
  46 orcs
  10 endoplasms
  2 giant cockroaches
  11 goblins
  11 hobgoblins
  4 jackals (D:2)
  3 quokkas
  6 ball pythons
  5 bats
  4 frilled lizards
  6 kobolds
  7 rats
  A bush (Lair:1)
397 creatures vanquished.

Vanquished Creatures (collateral kills)
  A yak (Lair:1)
  3 steam dragon simulacra (IceCv)
  A foxfire (Lair:1)
5 creatures vanquished.

Vanquished Creatures (others)
  1256 foxfires
  11 fungi
  15 plants
1282 creatures vanquished.

Grand Total: 1684 creatures vanquished

Notes
Turn   | Place    | Note
-------+----------+-------------------------------------------
     0 | D:1      | Conn the Octopode Fire Elementalist began the quest for the
                  | Orb.
     0 | D:1      | Reached XP level 1. HP: 11/11 MP: 3/3
   288 | D:1      | Reached XP level 2. HP: 8/17 MP: 0/5
   706 | D:1      | Reached XP level 3. HP: 21/21 MP: 0/6
  1806 | D:2      | Noticed Natasha
  1898 | D:2      | Killed Natasha
  1899 | D:2      | Reached XP level 4. HP: 13/27 MP: 0/7
  1904 | D:2      | Noticed Natasha
  1917 | D:2      | Killed Natasha
  1951 | D:2      | Noticed Natasha
  1958 | D:3      | Noticed Terence
  2053 | D:2      | Learned a level 2 spell: Scorch
  2054 | D:2      | Killed Natasha
  2055 | D:2      | Reached XP level 5. HP: 31/31 MP: 3/9
  2408 | D:2      | Found a faded altar of an unknown god.
  2630 | D:3      | Killed Terence
  2711 | D:3      | Found the +4 robe of Augmentation {Str+4 Int+4 Dex+4}
  2735 | D:3      | Reached skill level 4 in Fire Magic
  2749 | D:3      | Noticed Jessica
  2792 | D:3      | Learned a level 3 spell: Conjure Flame
  2796 | D:3      | Learned a level 3 spell: Inner Flame
  2881 | D:3      | Killed Jessica
  3301 | D:3      | Found a shadowy altar of Dithmenos.
  3395 | D:3      | Reached XP level 6. HP: 37/37 MP: 6/10
  3528 | D:3      | Identified the +5 hammer of Noul {vorpal, Fly Str+4 Int+8}
  3529 | D:3      | Found a runed translucent door.
  3530 | D:3      | Noticed Crazy Yiuf
  3536 | D:3      | Killed Crazy Yiuf
  3987 | D:4      | Reached skill level 1 in Short Blades
  3987 | D:4      | Reached XP level 7. HP: 42/42 MP: 6/12
  3995 | D:4      | Reached skill level 1 in Fighting
  3995 | D:4      | Reached skill level 5 in Stealth
  4320 | D:4      | Got Starting the Occult
  4605 | D:4      | Learned a level 4 spell: Flame Wave
  4643 | D:5      | Entered Level 5 of the Dungeon
  4657 | D:5      | Reached skill level 5 in Fire Magic
  4976 | D:5      | Found Abarocob's Book Shoppe.
  4978 | D:5      | Found a shimmering blue altar of Sif Muna.
  4982 | D:5      | Reached XP level 8. HP: 48/48 MP: 8/14
  4994 | D:5      | Became a worshipper of Sif Muna the Loreminder
  5388 | D:6      | Reached skill level 5 in Spellcasting
  5751 | D:6      | Learned a level 4 spell: Hailstorm
  5920 | D:5      | Found a runed translucent gate.
  5920 | D:5      | Found a runed translucent gate.
  5920 | D:5      | Found a runed translucent gate.
  5920 | D:5      | Noticed Morbidden's ghost (novice DsCj)
  5921 | D:5      | Found a basalt altar of Yredelemnul.
  5934 | D:5      | Reached skill level 1 in Invocations
  6038 | D:5      | Killed Morbidden's ghost
  6039 | D:5      | Reached skill level 6 in Fire Magic
  6039 | D:5      | Reached skill level 1 in Ice Magic
  6039 | D:5      | Reached XP level 9. HP: 53/53 MP: 10/17
  6353 | D:5      | Found a glowing golden altar of the Shining One.
  6471 | D:6      | Noticed Pikel
  6480 | D:6      | Killed Pikel
  6628 | D:6      | Found a stormy altar of Qazlal.
  6655 | D:6      | Noticed Edmund
  6664 | D:6      | Killed Edmund
  7099 | D:7      | Noticed Maggie
  7109 | D:7      | Killed Maggie
  7116 | D:7      | Reached skill level 7 in Fire Magic
  7120 | D:7      | Reached skill level 1 in Hexes
  7275 | D:7      | Reached * piety under Sif Muna
  7329 | D:7      | Found a white marble altar of Elyvilon.
  7497 | D:7      | Reached XP level 10. HP: 48/59 MP: 0/20
  7699 | D:7      | Reached skill level 5 in Conjurations
  7745 | D:7      | Found a staircase to the Ecumenical Temple.
  7807 | D:7      | Learned a level 4 spell: Sticky Flame
  7813 | D:7      | Killed an unseen horror
  7814 | D:7      | Reached skill level 1 in Polearms
  8072 | D:7      | Found a shimmering altar of Xom.
  8074 | D:7      | Found a hide-covered altar of Uskayaw.
  8076 | D:7      | Found a radiant altar of Vehumet.
  8076 | D:7      | Found a bloodstained altar of Trog.
  8081 | D:7      | Found a burning altar of Makhleb.
  8442 | D:8      | Found an iron altar of Okawaru.
  8449 | D:8      | Identified the +6 hand axe of Fedhas's Pride {vorpal, rElec
                  | rPois Str-2}
  8452 | D:8      | Identified the +9 mace of Nurotyol {vorpal, *Corrode Will+
                  | Dex+8}
  8801 | D:8      | Found a staircase to the Lair.
  8833 | D:8      | Reached skill level 8 in Fire Magic
  8996 | D:8      | Noticed a two-headed ogre
  9002 | D:8      | Killed a two-headed ogre
  9003 | D:8      | Reached skill level 5 in Invocations
  9066 | D:8      | Reached ** piety under Sif Muna
  9259 | D:8      | Noticed a two-headed ogre
  9305 | D:9      | Noticed a purple ugly thing
  9311 | D:9      | Killed a purple ugly thing
  9312 | D:9      | Reached XP level 11. HP: 64/64 MP: 8/23
  9334 | D:9      | Reached skill level 5 in Ice Magic
  9560 | D:9      | Noticed an ice dragon
  9572 | D:9      | Found a glowing silver altar of Zin.
  9738 | D:9      | Found Hifrisch's Weapon Emporium.
  9804 | D:9      | Found a runed translucent door.
  9805 | D:9      | Noticed an ice dragon
  9808 | D:9      | Noticed a fire dragon
  9809 | D:9      | Found the +2 shield of Resistance {rF++ rC++ Will++}
  9811 | D:9      | Noticed a fire dragon
  9821 | D:9      | Found a transporter.
  9824 | D:9      | Found a transporter.
  9824 | D:9      | Noticed an ogre mage
  9824 | D:9      | Noticed Nattfarinn's ghost (novice DjNe)
  9824 | D:9      | Noticed a manticore
 10010 | D:9      | Found a runed translucent door.
 10891 | D:8      | Found a broken altar of Ashenzari.
 10946 | D:8      | Killed a two-headed ogre
 10947 | D:8      | Reached skill level 9 in Fire Magic
 11071 | D:8      | Reached *** piety under Sif Muna
 11199 | D:8      | Learned a level 3 spell: Ozocubu's Armour
 11204 | D:8      | Learned a level 4 spell: Summon Lightning Spire
 11354 | D:9      | Found an ancient bone altar of Kikubaaqudgha.
 11369 | D:9      | Reached skill level 1 in Summonings
 11580 | D:9      | Identified a scroll of acquirement
 11770 | D:10     | Entered Level 10 of the Dungeon
 11814 | D:10     | Reached skill level 1 in Air Magic
 12008 | D:10     | Found a flagged portal.
 12011 | D:10     | Found Efeujeo's Antique Armour Emporium.
 12128 | Bailey   | Entered a bailey
 12158 | Bailey   | Reached skill level 1 in Maces & Flails
 12675 | Bailey   | Noticed an orc knight
 12681 | Bailey   | Killed an orc knight
 13097 | D:10     | Noticed a two-headed ogre
 13103 | D:10     | Killed a two-headed ogre
 13156 | D:10     | Found Fuurch's Jewellery Shoppe.
 13164 | D:10     | Bought a ring of resist corrosion for 320 gold pieces
 13164 | D:10     | You fall into a shaft and drop 3 floors!
 13397 | D:13     | Noticed a deep elf pyromancer
 13397 | D:13     | Noticed a centaur warrior
 13409 | D:13     | Killed a deep elf pyromancer
 13410 | D:13     | Reached XP level 12. HP: 41/70 MP: 16/25
 13411 | D:13     | Killed a centaur warrior
 13412 | D:13     | Noticed a centaur warrior
 13794 | D:13     | Acquired 621 gold pieces
 14176 | D:12     | Reached skill level 1 in Shields
 14546 | D:12     | Reached skill level 10 in Fire Magic
 14563 | D:12     | Reached skill level 10 in Spellcasting
 14571 | D:12     | Noticed Gastronok
 14580 | D:12     | Found a staircase to the Orcish Mines.
 15379 | D:10     | Found Ruk Ceug's Antique Armour Boutique.
 15512 | D:10     | Noticed Joseph
 15524 | D:10     | Killed Joseph
 15732 | D:11     | Noticed a boulder beetle
 15759 | D:11     | Noticed a two-headed ogre
 15766 | D:11     | Killed a two-headed ogre
 15855 | D:11     | Found a snail-covered altar of Cheibriados.
 15985 | D:11     | Reached XP level 13. HP: 76/76 MP: 16/27
 16069 | D:11     | Reached skill level 5 in Air Magic
 16306 | D:11     | Reached **** piety under Sif Muna
 16627 | D:10     | Bought a +6 ring of intelligence for 576 gold pieces
 16725 | Lair:1   | Entered Level 1 of the Lair of Beasts
 16753 | Lair:1   | Reached skill level 11 in Fire Magic
 17321 | Lair:1   | You fall into a shaft and drop 1 floor!
 17834 | Lair:1   | Noticed Sonja
 17841 | Lair:1   | Killed Sonja
 17842 | Lair:1   | Reached skill level 1 in Axes
 18707 | Lair:2   | Found a staircase to the Swamp.
 19730 | Lair:3   | Identified the +7 plate armour of Unambiguity {rPois MP+9}
 19818 | Lair:3   | Reached skill level 12 in Fire Magic
 19934 | Lair:3   | Found a staircase to the Snake Pit.
 20706 | Lair:4   | Found a frozen archway.
 20795 | IceCv    | Entered an ice cave
 21412 | IceCv    | Killed from afar by an ice statue

Illustrated notes

Levels and vault maps discovered:
D:1:      ncdulo_lavacross, layout_basic, minivault_23
D:2:      layout_loops_ring, dreamdust_ecumenical_altar_statues, uniq_natasha
D:3:      layout_basic, nicolae_dithmenos_through_a_glass_darkly,
          uniq_crazy_yiuf_cottage, uniq_terence, uniq_jessica
D:4:      layout_loops_ring
D:5:      layout_rooms, overflow_temple_1_default,
          mainiacjoe_overflow_surrounded_room, nicolae_yredelemnul_ghost_church,
          serial_shops, nicolae_diamond_shop
D:6:      layout_cave_pools, old_standard_altar, uniq_pikel, uniq_edmund
D:7:      layout_cave_pools, lemuel_doored_altar, minitemple,
          minmay_temple_entry_mini_moons, minmay_misc_feat_chi,
          kennysheep_small_circle, uniq_maggie
D:8:      minmay_recursive_quarters, layout_basic, okawaru_ov_weapons_minmay,
          kennysheep_mini, erik_lair_dragon
D:9:      layout_basic, lemuel_mausoleum_altar_kikubaaqudgha, zin_academy,
          serial_shops, nicolae_shop_trees, gammafunk_ghost_arena,
          minmay_guarded_unrand_resistance
D:10:     layout_loops_cross, serial_shops, shop, nicolae_shop_stone, shop,
          enter_bailey_5, st_stairs_7, uniq_joseph
D:11:     layout_grid_maze, slow_altar_2
D:12:     layout_gridville, david_orc_3, uniq_gastronok
D:13:     layout_basic, fedhas_altar_2
Lair:1:   layout_loops_ring, beast_lair_carwin_6, uniq_sonja
Lair:2:   layout_layer_cave, minmay_swamp_entry_worms, grunt_megastairs_3,
          infiniplex_staircase_pool_2
Lair:3:   layout_loops_ring, guppyfry_snake_entry_garden
Lair:4:   layout_loops_ring, portal_ice_cave_entry_pillars_2
IceCv:    ice_cave_small_dragons

Skill      XL: |  1  2  3  4  5  6  7  8  9 10 11 12 13 |
---------------+----------------------------------------+-----
Stealth        | 3 4 5 6 |  6.6
Conjurations   | 2 3 4 5 6 7 |  7.2
Fire Magic     | 4 5 6 7 8 9 10 12 | 12.0
Spellcasting   | 3 4 5 7 8 9 10 11 | 11.7
Short Blades   | 1 2 |  2.2
Fighting       | 1 2 |  2.7
Dodging        | 3 4 |  4.5
Invocations    | 2 3 5 6 7 |  7.7
Ice Magic      | 1 3 4 5 |  5.7
Hexes          | 1 2 |  2.9
Polearms       | 2 |  2.0
Summonings     | 2 4 |  4.2
Air Magic      | 2 4 5 |  5.0
Maces & Flails | 1 |  1.8
Shields        | 1 |  1.5
Axes           | 1 |  1.7
Throwing       | |  0.9
Unarmed Combat | |  0.1
Evocations     | |  0.1

Action                   |  1- 3 |  4- 6 |  7- 9 | 10-12 | 13-15 || total
-------------------------+-------+-------+-------+-------+-------++-------
Melee: Unarmed           |    28 |       |       |       |       ||    28
       Tentacles         |    11 |    14 |    19 |    33 |    20 ||    97
       Constrict         |     7 |    13 |    10 |    16 |     7 ||    53
       Dagger            |     2 |    38 |    38 |       |       ||    78
       Punch             |       |       |     1 |     1 |     1 ||     3
       Spear             |       |       |     8 |    17 |       ||    25
       Hand axe          |       |       |       |    23 |    32 ||    55
       Mace              |       |       |       |    75 |     3 ||    78
Throw: Dart              |     2 |     3 |       |     4 |       ||     9
 Cast: Foxfire           |    67 |    63 |   174 |   256 |   167 ||   727
       Scorch            |       |     6 |    37 |   101 |    88 ||   232
       Inner Flame       |       |       |     8 |    34 |    17 ||    59
       Conjure Flame     |       |       |     1 |    16 |     3 ||    20
       Flame Wave        |       |       |       |    13 |     9 ||    22
       Ozocubu's Armour  |       |       |       |     2 |     1 ||     3
       Sticky Flame      |       |       |       |     2 |       ||     2
       Hailstorm         |       |       |       |     1 |       ||     1
       Summon Lightning  |       |       |       |     1 |     6 ||     7
Invok: Channel Magic     |       |       |       |     4 |       ||     4
Evoke: Wand              |       |       |     2 |       |       ||     2
  Use: Scroll            |     1 |       |       |    20 |     5 ||    26
       Potion            |       |       |     1 |     6 |       ||     7
 Stab: Sleeping          |     1 |     2 |     4 |     8 |     1 ||    16
       Invisible         |       |     1 |       |       |       ||     1
Armor: Skin              |     4 |       |    10 |    28 |     6 ||    48
Dodge: Dodged            |    37 |    33 |    49 |   171 |    62 ||   352
Block: Other             |       |       |       |    14 |    10 ||    24
       Reflection        |       |       |       |     4 |     1 ||     5

Table legend: (Time is in decaauts)
 A = Elapsed time spent in this place.
 B = Non-inter-level travel time spent in this place.
 C = Inter-level travel time spent in this place.
 D = Time resting spent in this place.
 E = Time spent auto-exploring this place.
 F = Levels seen in this place.
 G = Mean time per level.
                   A        B        C        D        E       F      G
               +--------+--------+--------+--------+--------+-----+--------+
         Total |  21456 |  21104 |    352 |   2227 |  13644 |  19 | 1129.3 |
       Dungeon |  16030 |  15736 |    294 |   1344 |  10438 |  13 | 1233.1 |
          Lair |   3944 |   3887 |     57 |    121 |   2974 |   4 |  986.0 |
        Bailey |    863 |    863 |      0 |    334 |    156 |   1 |  863.0 |
      Ice Cave |    617 |    617 |      0 |    428 |     76 |   1 |  617.0 |
               +--------+--------+--------+--------+--------+-----+--------+

Top non-repeatable levels by time:
     D:8: 2053 daAuts
     D:1: 1616 daAuts
     D:9: 1544 daAuts
  Lair:1: 1483 daAuts
  Lair:2: 1393 daAuts
     D:7: 1300 daAuts
     D:5: 1194 daAuts
    D:11: 1173 daAuts
     D:6: 1154 daAuts
     D:3: 1146 daAuts
    D:10: 1062 daAuts
     D:4: 1056 daAuts
    D:12: 1054 daAuts
  Lair:3: 954 daAuts
     D:2: 925 daAuts
